 Dungeon Crawl Stone Soup version 0.25-a0-780-g622e69b31f (webtiles) character file.

Game seed: 15868706427599174643, levelgen mode: deterministic

35 wvc the Skirmisher (level 3, -4/29 HPs)
             Began as a Demonspawn Abyssal Knight on Apr 14, 2020.
             Was a Follower of Lugonu.
             Killed from afar by Sigmund (10 damage)
             ... with a puff of flame
             ... on level 1 of the Dungeon.
             The game lasted 00:03:13 (1210 turns).

wvc the Skirmisher (Demonspawn Abyssal Knight)      Turns: 1210, Time: 00:03:13

Health: -4/29      AC:  3    Str: 12    XL:     3   Next: 16%
Magic:  4/4        EV: 11    Int: 13    God:    Lugonu [*.....]
Gold:   34         SH:  5    Dex: 13    Spells: 2/2 levels left

rFire    . . .     SeeInvis .   a - +2 spear
rCold    . . .     Gourm    .   (no shield)
rNeg     . . .     Faith    .   b - +0 leather armour
rPois    .         Spirit   .   (no helmet)
rElec    .         Reflect  +   (no cloak)
rCorr    .         Harm     .   (no gloves)
MR       .....                  (no boots)
Stlth    +.........             f - +5 amulet of reflection
HPRegen  0.09/turn              (no ring)
MPRegen  0.09/turn              (no ring)

@: no status effects
A: powered by pain 1
a: Depart the Abyss, Renounce Religion


You were on level 1 of the Dungeon.
You worshipped Lugonu.
Lugonu was aware of your devotion.
You were not hungry.

You visited 1 branch of the dungeon, and saw 2 of its levels.
You visited the Abyss 1 time.

You collected 34 gold pieces.

Inventory:

Hand Weapons
 a - a +2 spear (weapon)
Missiles
 h - 2 boomerangs (quivered)
Armour
 b - a +0 leather armour (worn)
Jewellery
 d - an uncursed ring of fire
 f - a +5 amulet of reflection (around neck)
Scrolls
 e - a scroll of enchant weapon
Potions
 i - a potion of haste {unknown}
Comestibles
 c - 5 rations
 g - a chunk of flesh


   Skills:
 - Level 3.5 Fighting
 + Level 2.6 Polearms
 - Level 2.0 Armour
 - Level 0.8 Dodging
 - Level 2.6 Invocations


You had 2 spell levels left.
You didn't know any spells.
Your spell library was empty.

Dungeon Overview and Level Annotations

Branches:
Dungeon (2/15)

Altars:

Annotations:
D:1 Sigmund


Innate Abilities, Weirdness & Mutations

You sometimes gain a little power by taking damage.


Message History

You hit the goblin.
You kill the goblin!
Lugonu accepts your kill. Sigmund hits you but does no damage.
Things that are here:
a +0 club; a goblin corpse; a goblin skeleton Sigmund laughs darkly.
Sigmund points at you and mumbles some strange words.
You resist with significant effort. Sigmund gestures at you while chanting.
You resist with significant effort. Sigmund gestures at you while chanting.
The magic dart hits you!
* * * LOW HITPOINT WARNING * * *
Sigmund gestures wildly while chanting.
Sigmund flickers and vanishes!
Deactivating autopickup; reactivate with Ctrl-A.
A puff of flame appears from out of thin air!
The puff of flame hits you!
You die...

...#...♣# #..# #.........#
...#..♣♣########.###....(....##
'###..# #..........)..........#
......♣ ########)###..........###
......###..>.....###.............
♣.♣♣♣##..#########...########.≈≈≈
.♣♣# ♣(..............# #.≈≈≈
♣♣.###..(########..##########.≈≈≈
#........(......@..#.....#....≈≈≈
#.....#.........###..............
..#####...##...###............≈≈≈
........####.#####............≈≈≈
######.#......................≈≈≈
...........###........).......≈≈≈
.......######..###............≈≈≈
####.####.....## #...............
####.####.##### ##..............


There were no monsters in sight!

Vanquished Creatures
  2 leopard geckos
  A bat (D:1)
  A giant cockroach (D:2)
  10 goblins
  6 hobgoblins
  A jackal (D:1)
  A ball python (D:2)
  2 frilled lizards (D:1)
  3 kobolds (D:1)
  A rat (D:1)
28 creatures vanquished.

Notes
Turn   | Place    | Note
-------+----------+-------------------------------------------
     0 | Abyss:1  | wvc the Demonspawn Abyssal Knight began the quest for the
                  | Orb.
     0 | Abyss:1  | Reached XP level 1. HP: 18/18 MP: 2/2
     2 | D:1      | Escaped the Abyss
    49 | D:1      | Reached * piety under Lugonu
   160 | D:1      | Gained mutation: You sometimes gain a little power by
                  | taking damage. [demonic ancestry]
   160 | D:1      | Reached XP level 2. HP: 22/24 MP: 3/3
   614 | D:2      | Noticed Sigmund
   933 | D:1      | Reached XP level 3. HP: 14/29 MP: 4/4
  1210 | D:1      | Killed from afar by Sigmund

Levels and vault maps discovered:
D:1:      saegor_arrival_under_anarchy, layout_rooms, minivault_14
D:2:      layout_rooms, uniq_sigmund, uniq_robin

Skill      XL: |  1  2 |
---------------+-------+-----
Armour         | 2 |  2.0
Polearms       | 2 |  2.6
Fighting       | |  3.5
Dodging        | |  0.8
Invocations    | |  2.6

Action                   || total
-------------------------++-------
Melee: Spear             ||    91
Invok: Depart the Abyss  ||     1
  Use: Scroll            ||     3
 Stab: Distracted        ||     1
  Eat: Chunk             ||     1
Armor: Leather armour    ||    15
Dodge: Dodged            ||    63
Block: Other             ||     7

Table legend:
 A = Non-vault XP
 B = Vault XP
 C = Vault XP percentage of total XP
 D = Non-vault monster count
 E = Vault monster count
 F = Vault count percentage of total count
                 A         B        C        D         E       F
            +---------+---------+-------+---------+---------+-------
      Total |      42 |       8 |  16.0 |      24 |       4 |  14.3
            +---------+---------+-------+---------+---------+-------
        D:1 |      29 |       8 |  21.6 |      17 |       4 |  19.0
        D:2 |      13 |       0 |   0.0 |       7 |       0 |   0.0
            +---------+---------+-------+---------+---------+-------
